 Dungeon Crawl Stone Soup version 0.29-a0-409-gd843f3a48c (webtiles) character file.

Game seed: 10417441823613087464

1 croobank the Covert (level 1, -1/23 HPs)
             Began as a Gnoll Delver on May 14, 2022.
             Slain by a sky beast (2 damage)
             ... on level 2 of the Dungeon.
             The game lasted 00:03:09 (197 turns).

croobank the Covert (Gnoll Delver)                   Turns: 197, Time: 00:03:13

Health: -1/23      AC:  3    Str: 11    XL:     1   Next: 20%
Magic:  1/1        EV: 13    Int:  9    God:
Gold:   16         SH:  0    Dex: 13    Spells: 0/0 levels left

rFire   . . .      SeeInvis .   a - +0 hand axe
rCold   . . .      Faith    .   (no shield)
rNeg    . . .      Spirit   .   b - +0 leather armour
rPois   .          Reflect  .   (no helmet)
rElec   .          Harm     .   (no cloak)
rCorr   .          Rampage  .   (no gloves)
Will    .....                   (no boots)
Stlth   ++++......              (no amulet)
HPRegen 0.07/turn               (no ring)
MPRegen 0.07/turn               (no ring)

@: no status effects
A: fangs 1, strong nose, distributed training
a: no special abilities


You were on level 2 of the Dungeon.
You visited 1 branch of the dungeon, and saw 4 of its levels.

You collected 16 gold pieces.

Inventory:

Hand Weapons
 a - a +0 hand axe (weapon)
Armour
 b - a +0 leather armour (worn)
Jewellery
 i - a ring of positive energy
Wands
 g - a wand of digging (3)
Scrolls
 c - a scroll of fog
 h - a scroll of teleportation {unknown}


   Skills:
 + Level 6.4 Fighting
 + Level 0.0 Short Blades
 + Level 0.0 Long Blades
 + Level 4.4 Axes
 + Level 0.0 Maces & Flails
 + Level 0.0 Polearms
 + Level 0.0 Staves
 + Level 0.0 Slings
 + Level 0.0 Bows
 + Level 0.0 Crossbows
 + Level 0.0 Throwing
 + Level 0.0 Armour
 + Level 4.4 Dodging
 + Level 9.5 Stealth
 + Level 0.0 Shields
 + Level 0.0 Unarmed Combat
 + Level 0.0 Spellcasting
 + Level 0.0 Conjurations
 + Level 0.0 Hexes
 + Level 0.0 Summonings
 + Level 0.0 Necromancy
 + Level 0.0 Translocations
 + Level 0.0 Transmutations
 + Level 0.0 Fire Magic
 + Level 0.0 Ice Magic
 + Level 0.0 Air Magic
 + Level 0.0 Earth Magic
 + Level 0.0 Poison Magic
 + Level 0.0 Invocations
 + Level 0.0 Evocations


You couldn't memorise any spells.
You didn't know any spells.
Your spell library contained the following spells:

 Spells                   Type           Power      Damage    Failure   Level
 Foxfire                  Conj/Fire      0%         2x1d4     47%         1
 Conjure Flame            Conj/Fire      0%         6-21      85%         3
 Inner Flame              Hex/Fire       0%         N/A       85%         3
 Flame Wave               Conj/Fire      0%         2d4       99%         4


Dungeon Overview and Level Annotations

Branches:
Dungeon (5/15)             Temple (0/1) D:5

Altars:
Xom


Innate Abilities, Weirdness & Mutations

You have very sharp teeth.
Your uncanny sense of smell can sniff out nearby items.
Your experience applies equally to all skills.


Message History

You pick up a book of Flames and begin reading...
You add the spells Foxfire, Conjure Flame, Inner Flame and Flame Wave to your library.
A quokka comes into view.
There is a stone staircase leading up here.
Found a scale mail.
You see here a ring of positive energy.
i - a ring of positive energy The sky beast completely misses you.
There is a stone staircase leading up here.
As you read the scroll of fear, it crumbles to dust.
You assume a fearsome visage.
The quokka looks frightened!
The sky beast resists with some effort.
The sky beast misses you. The sky beast hits you. The sky beast shocks you.
You climb upwards.
Reactivating autopickup.
There is a stone staircase leading down here.
The sky beast attacks as you move away!
The sky beast hits you but does no damage.
Blink to where?
Press: ? - help, Dir - move target
Found a stone staircase leading up.
As you read the scroll labelled JESIMA GAOLO, it crumbles to dust.
It was a scroll of blinking.
You aren't carrying any potions.
The sky beast flickers out of sight!
Deactivating autopickup; reactivate with Ctrl-A.
Something barely misses you.
There is a stone staircase leading up here.
Something hits you. Something shocks you.
* * * LOW HITPOINT WARNING * * *
You climb upwards.
Reactivating autopickup.
There is a stone staircase leading down here.
As you read the scroll labelled OCOHOETZ RIULE, it crumbles to dust.
You hear a loud clanging noise!
It was a scroll of noise.
You hear an angry hiss.
You hear a shout! x3; You hear an angry hiss.
You hear a shout! x2
Something hits you.
You die...

.
...######
......{.#
.......@#
...####.#
#.# #b#
... ...
... ..K.#


You could see a bat and a kobold.

Vanquished Creatures
  A hobgoblin (D:4)
1 creature vanquished.

Notes
Turn   | Place    | Note
-------+----------+-------------------------------------------
     0 | D:5      | Reached skill level 9 in Stealth
     0 | D:5      | croobank the Gnoll Delver began the quest for the Orb.
     0 | D:5      | Reached XP level 1. HP: 23/23 MP: 1/1
    16 | D:5      | Noticed an iguana
    29 | D:5      | Noticed an orc priest
    30 | D:5      | Noticed an orc wizard
    42 | D:4      | Found a shimmering altar of Xom.
    87 | D:4      | Noticed an orc wizard
    88 | D:4      | Noticed an orc wizard
   129 | D:4      | Noticed a centaur
   175 | D:4      | Noticed a sky beast
   195 | D:3      | HP: 1/23 [something (6)]
   197 | D:2      | Slain by a sky beast

Illustrated notes

Levels and vault maps discovered:
D:2:      layout_basic, uniq_robin, uniq_sigmund, uniq_natasha
D:3:      layout_loops_corners, minmay_overflow_temple_star_quad
D:4:      layout_loops_ring, xom_butterflies, gammafunk_ghost_nasty_kobolds
D:5:      layout_basic, nicolae_sif_muna_condensation, amcnicky_altar_gilded,
          minmay_temple_entry_overgrown, gup_sewer_entry_bubbles

Skill      XL: | |
---------------+-+-----
Stealth        | |  9.5
Fighting       | |  6.4
Axes           | |  4.4
Dodging        | |  4.4

Action                   || total
-------------------------++-------
Melee: Hand axe          ||     1
  Use: Scroll            ||     5
       Potion            ||     1
Armor: Leather armour    ||     1
Dodge: Dodged            ||     4

Table legend: (Time is in decaauts)
 A = Elapsed time spent in this place.
 B = Non-inter-level travel time spent in this place.
 C = Inter-level travel time spent in this place.
 D = Time resting spent in this place.
 E = Time spent auto-exploring this place.
 F = Levels seen in this place.
 G = Mean time per level.
                   A        B        C        D        E       F      G
               +--------+--------+--------+--------+--------+-----+--------+
         Total |    177 |    177 |      0 |      0 |     16 |   4 |   44.2 |
       Dungeon |    177 |    177 |      0 |      0 |     16 |   4 |   44.2 |
               +--------+--------+--------+--------+--------+-----+--------+

Top non-repeatable levels by time:
     D:4: 126 daAuts
     D:5: 42 daAuts
     D:3: 7 daAuts
     D:2: 0 daAuts
